 Dungeon Crawl Stone Soup version 0.26-a0-834-g69557b85cc (webtiles) character file.

Game seed: 18188712511414427710

853 strifetoe the Cleaver (level 8, -3/46 HPs)
             Began as a Gargoyle Monk on Nov 16, 2020.
             Killed by divine providence
             ... invoked by an orc priest
              (10 damage)
             ... on level 5 of the Dungeon on Nov 17, 2020.
             The game lasted 00:06:41 (4860 turns).

strifetoe the Cleaver (Gargoyle Monk)               Turns: 4860, Time: 00:06:41

Health: -3/46      AC: 17    Str: 17    XL:     8   Next: 1%
Magic:  8/8        EV:  5    Int: 11    God:
Gold:   200        SH:  0    Dex: 12    Spells: 7/7 levels left

rFire    . . .     SeeInvis .   a - +0 hand axe
rCold    + . .     Faith    .   (no shield)
rNeg     + . .     Spirit   .   j - +1 plate armour {rC+}
rPois    ∞         Reflect  .   (no helmet)
rElec    +         Harm     .   l - scarf {repulsion}
rCorr    .         Rampage  .   (no gloves)
MR       .....                  p - +0 pair of boots
Stlth    ..........             (no amulet)
HPRegen  0.15/turn              (no ring)
MPRegen  0.11/turn              (no ring)

@: repel missiles
A: negative energy resistance 1, electricity resistance, unbreathing,
petrification resistance, rot immunity, AC +5
a: no special abilities


You were on level 5 of the Dungeon.
You visited 1 branch of the dungeon, and saw 5 of its levels.

You collected 200 gold pieces.

Inventory:

Hand Weapons
 a - a +0 hand axe (weapon)
Armour
 j - a +1 plate armour of cold resistance (worn)
 l - a scarf of repulsion (worn)
 p - a +0 pair of boots (worn)
Scrolls
 c - a scroll of enchant armour
 d - 2 scrolls of identify
Potions
 b - a potion of attraction


   Skills:
 - Level 3.2 Fighting
 + Level 8.5 Axes
 - Level 2.4 Dodging
 - Level 2.1 Stealth


You had 7 spell levels left.
You didn't know any spells.
Your spell library was empty.

Dungeon Overview and Level Annotations

Branches:
Dungeon (6/15)
 Temple: D:4-7

Altars:
Cheibriados
Elyvilon
Kikubaaqudgha
The Shining One

Shops:
D:5 ?

Annotations:
D:5 Blork the orc


Innate Abilities, Weirdness & Mutations

You are resistant to torment.
Your stone body is resilient. (AC +5)
You are immune to poison.
You resist negative energy. (rN+)
You are resistant to electric shocks. (rElec)
You can survive without breathing.
You are immune to petrification.
You are immune to rotting.


Message History

Something hits you but does no damage.
You miss something. You hit the howler monkey. The howler monkey hits you.
* * * LOW HITPOINT WARNING * * *
An ufetubus comes into view.
Something hits you but does no damage.
Unknown command.
You barely miss something. You closely miss the howler monkey.
The orc wizard mumbles some strange words.
The orc wizard blinks!
The howler monkey hoots and howls with incredible vigour!
You hear a zap.
A puff of flame appears from out of thin air!
The puff of flame hits you but does no damage.
The now-empty wand crumbles to dust.
You hear a bark! x2
You barely miss something. You barely miss the howler monkey.
The howler monkey hits you but does no damage.
The orc priest mumbles some strange prayers to Beogh against you.
Beogh smites you!
You die...

.. .# # .. ### . #? .## #
#.. .. #.. ..# #.#.##..
#.#...######.#####.#.#...
...5.§hh@{o..............
#.#...######.#####.#.#
#.. #..####.#.# #.. ###
###.##.....# # ..#..
#...##.#.#.##..
....8.#...##.#.#.##..
......#..)o#.#.......
..8.∩.8.o.o#.#...##..
...$<.#....(.#...##.#


You could see a howler monkey (catching breath), a hound, an orc priest and an
ufetubus.

Vanquished Creatures
  A phantom (D:5)
  2 centaurs (D:5)
  A scorpion (D:5)
  3 vampire bats (D:2)
  A centaur zombie (D:6)
  A hound (D:5)
  4 orc wizards
  Ijyb (D:2)
  Natasha (thrice) (D:3)
  A worker ant (D:6)
  A gnoll (D:1)
  3 adders (D:3)
  A shadow imp (D:5)
  An ooze (D:1)
  A worm (D:3)
  3 dart slugs (D:1)
  9 orcs
  2 ball pythons
  8 bats
  4 bat skeletons (D:2)
  3 bat zombies (D:2)
  4 giant cockroaches
  12 goblins
  5 hobgoblins
  2 jackals (D:3)
  6 kobolds
  A quokka (D:6)
  3 frilled lizards
  A quokka skeleton (D:5)
  3 rats (D:1)
91 creatures vanquished.

Vanquished Creatures (others)
  An orc wizard (D:5)
1 creature vanquished.

Grand Total: 92 creatures vanquished

Notes
Turn   | Place    | Note
-------+----------+-------------------------------------------
     0 | D:1      | strifetoe the Gargoyle Monk began the quest for the Orb.
     0 | D:1      | Reached XP level 1. HP: 14/14 MP: 1/1
    33 | D:1      | Reached skill level 3 in Axes
    33 | D:1      | Reached XP level 2. HP: 11/19 MP: 2/2
   376 | D:1      | Reached XP level 3. HP: 23/23 MP: 3/3
   749 | D:1      | Reached skill level 4 in Axes
  1264 | D:2      | Noticed an orc warrior
  1278 | D:3      | Reached XP level 4. HP: 16/28 MP: 4/4
  1577 | D:2      | Reached skill level 5 in Axes
  1699 | D:2      | Reached XP level 5. HP: 30/32 MP: 5/5
  1759 | D:2      | Found an ancient bone altar of Kikubaaqudgha.
  1792 | D:2      | Reached skill level 6 in Axes
  1792 | D:2      | Reached XP level 6. HP: 34/37 MP: 6/6
  1875 | D:2      | Noticed Ijyb
  1909 | D:2      | Killed Ijyb
  2106 | D:1      | HP: 1/37 [something (8)]
  2780 | D:2      | Found a glowing golden altar of the Shining One.
  2780 | D:2      | Found a white marble altar of Elyvilon.
  3010 | D:3      | Noticed Natasha
  3025 | D:3      | Killed Natasha
  3266 | D:3      | Noticed Natasha
  3278 | D:3      | Killed Natasha
  3485 | D:3      | Noticed Natasha
  3503 | D:3      | Killed Natasha
  3504 | D:3      | Reached skill level 7 in Axes
  3504 | D:3      | Reached XP level 7. HP: 32/41 MP: 7/7
  3742 | D:3      | You fall into a shaft and drop 3 floors!
  3791 | D:6      | Found a snail-covered altar of Cheibriados.
  4188 | D:5      | Entered Level 5 of the Dungeon
  4324 | D:5      | Found Haahofen's Magic Scroll Shoppe.
  4464 | D:5      | Reached skill level 8 in Axes
  4761 | D:5      | Noticed Blork the orc
  4848 | D:5      | Reached XP level 8. HP: 39/46 MP: 8/8
  4860 | D:5      | Killed from afar by an orc priest

Illustrated notes

Levels and vault maps discovered:
D:1:      wheals_arrival_linesprint, layout_loops_ring, minmay_door_square
D:2:      kennysheep_the_goblin_king, layout_loops_ring,
          kennysheep_vampire_church, gammafunk_temple_overflow_elements
D:3:      layout_basic, uniq_natasha
D:5:      layout_basic, serial_shops, nicolae_shop_statue_plus,
          minmay_misc_feat_rows, uniq_blork_the_orc, uniq_ijyb, uniq_eustachio
D:6:      layout_loops_cross, basic_altar, uniq_grinder

Skill      XL: |  1  2  3  4  5  6  7 |
---------------+----------------------+-----
Axes           | 3 4 5 6 7 8 |  8.5
Fighting       | |  3.2
Dodging        | |  2.4
Stealth        | |  2.1

Action                   |  1- 3 |  4- 6 |  7- 9 || total
-------------------------+-------+-------+-------++-------
Melee: Hand axe          |    84 |   213 |   179 ||   476
Evoke: Wand              |       |     6 |    11 ||    17
  Use: Potion            |     1 |     1 |     6 ||     8
       Scroll            |     1 |     3 |     3 ||     7
 Stab: Sleeping          |     3 |       |       ||     3
Armor: Robe              |    11 |       |       ||    11
       Plate armour      |    32 |   278 |   133 ||   443
       Scale mail        |    14 |       |       ||    14
       Skin              |       |       |    25 ||    25
Dodge: Dodged            |    61 |    55 |    41 ||   157
       Repelled          |       |     2 |       ||     2

Table legend: (Time is in decaauts)
 A = Elapsed time spent in this place.
 B = Non-inter-level travel time spent in this place.
 C = Inter-level travel time spent in this place.
 D = Time resting spent in this place.
 E = Time spent auto-exploring this place.
 F = Levels seen in this place.
 G = Mean time per level.
                   A        B        C        D        E       F      G
               +--------+--------+--------+--------+--------+-----+--------+
         Total |   4872 |   4572 |    300 |    971 |   2359 |   5 |  974.4 |
       Dungeon |   4872 |   4572 |    300 |    971 |   2359 |   5 |  974.4 |
               +--------+--------+--------+--------+--------+-----+--------+

Top non-repeatable levels by time:
     D:2: 1576 daAuts
     D:1: 1415 daAuts
     D:3: 777 daAuts
     D:5: 659 daAuts
     D:6: 444 daAuts
